Unix NetHack Version 3.7.0-94 Work-in-progress - last build Dec 13 2023 01:40:03 (eb5afe49d650b6f5c6196fad733e3b2b9fb6c025,branch:master). Game began 2023-12-14 20:44:47, ended 2023-12-15 09:21:57. elenmirie, neutral female human Priestess ------------------------ |.................%!@M.| |..-------------------.| ----.| ----- |.| |..|.-- --...| |.| |.....|--|....| |.| |.....|..|....| |.| --....|......-- |.| |...%...|...| ------|%| |....|..|...| --|.....|.| |...0---|...| |.+.....|.| |.......|..-- |-|.....|.| ----.0..|.-- |.+.....+.| ---.--.| |-|.....|-- |.....| |.+.....| |>.|..| --|.....| ------- ------- Elenmirie the Adept St:17 Dx:12 Co:18 In:10 Wi:18 Ch:9 Neutral Dlvl:4 $:337 HP:0(73) Pw:32(127) AC:2 Xp:9/3984 T:11336 Latest messages: You feel better. The tengu bites! The troll wields an uncursed bullwhip! In what direction? . You feel better. The tengu bites! The troll wields an uncursed forked polearm! In what direction? . You feel better. The tengu bites! The troll wields an uncursed runed bow! What do you want to zap? [dNR or ?*] ? In what direction? l You kill the tengu! The magic missile hits the troll! You see here an uncursed effervescent potion. The troll wields an uncursed forked polearm! In what direction? l The dart misses the troll. The troll wields an uncursed bullwhip! In what direction? l The dart hits the troll. You hit the troll! The troll lashes his bullwhip. The troll hits! The troll hits! The troll bites! You kill the troll! There are several objects here. There is an uncursed troll corpse here; eat it? [ynq] (n) y This troll corpse is tough. You stop eating the troll corpse. You hit the giant mummy! The giant mummy hits! The giant mummy hits again! You hit the giant mummy! The giant mummy hits! The giant mummy hits again! In what direction? . You feel better. The giant mummy hits! The giant mummy hits again! The giant mummy hits! The giant mummy hits again! You die... Do you want your possessions identified? [ynq] (y) y Do you want to see your attributes? [ynq] (y) y Do you want an account of creatures vanquished? [ynaq] (y) y Do you want to see your conduct and achievements? [ynq] (y) y Do you want to see the dungeon overview? [ynq] (y) y Inventory: Coins $ - 337 gold pieces Weapons A - 21 blessed +1 darts (at the ready) j - 8 uncursed +0 darts a - a blessed +6 mace (weapon in right hand) Armor p - an uncursed +0 elven leather helm (being worn) X - an uncursed +0 pair of leather gloves (being worn) Y - an uncursed +0 pair of low boots (being worn) c - an uncursed burnt +0 small shield (being worn) G - an uncursed +0 mummy wrapping b - an uncursed +0 robe (being worn) Z - an uncursed +0 studded leather armor (being worn) Comestibles L - an uncursed lizard corpse Wands d - an uncursed wand of magic missile (0:6) N - a cursed wand of make invisible (0:6) R - an uncursed wand of undead turning (0:4) Tools w - an uncursed bag of holding containing 57 items z - an uncursed brass lantern h - an uncursed oil lamp e - an uncursed skeleton key x - an uncursed towel Contents of the bag of holding: 318 gold pieces an uncursed clove of garlic 2 uncursed eucalyptus leaves 5 uncursed food rations an uncursed fortune cookie an uncursed sprig of wolfsbane a cursed sprig of wolfsbane a cursed scroll of amnesia a blessed scroll of blank paper 4 uncursed scrolls of blank paper a cursed scroll of blank paper a cursed scroll of confuse monster an uncursed scroll of create monster an uncursed scroll of earth a cursed scroll of earth an uncursed scroll of enchant armor a cursed scroll of enchant weapon 2 uncursed scrolls of fire a cursed scroll of fire an uncursed scroll of genocide 2 uncursed scrolls of gold detection 5 uncursed scrolls of light a blessed scroll of magic mapping 2 uncursed scrolls of magic mapping a cursed scroll of magic mapping a cursed scroll of remove curse a cursed scroll of stinking cloud 2 uncursed scrolls of teleportation an uncursed spellbook of detect treasure an uncursed potion of confusion a blessed potion of extra healing an uncursed potion of extra healing a cursed potion of extra healing an uncursed potion of gain level an uncursed potion of hallucination 3 uncursed potions of healing a cursed potion of levitation 2 uncursed potions of monster detection an uncursed potion of object detection an uncursed potion of paralysis an uncursed potion of polymorph 2 uncursed potions of restore ability a cursed potion of restore ability a cursed potion of sickness 2 uncursed potions of speed 3 potions of holy water a cursed ring of aggravate monster a cursed ring of cold resistance a cursed +2 ring of protection an uncursed ring of regeneration a cursed ring of teleport control a cursed ring of teleportation an uncursed wand of magic missile (0:6) an uncursed wand of sleep (0:7) an uncursed magic marker (0:20) an uncursed tallow candle an uncursed wax candle Elenmirie the Priestess's attributes: Background: You were an Adept, a level 9 human Priestess. You were neutral, on a mission for Thoth who was opposed by Ptah (lawful) and Anhur (chaotic). You were right-handed. You were in Sokoban, on level 4. You entered the dungeon 11336 turns ago. You had 3984 experience points, 1136 more were needed to attain level 10. Basics: You had 0 out of 73 hit points. You had 32 out of 127 energy points (spell power). Your armor class was 2. Your wallet contained 337 zorkmids, and you had 318 more stashed away in your pack. Autopickup was on for '$' plus thrown. Final Characteristics: Your strength was 17 (peak:18, limit:18/100). Your dexterity was 12 (limit:18). Your constitution was 18 (limit:18). Your intelligence was 10 (limit:18). Your wisdom was 18 (limit:18). Your charisma was 9 (limit:18). Final Status: You weren't hungry. You were unencumbered. You were wielding a mace. You had expert skill with mace. Final Attributes: You were piously aligned. You were sleep resistant. You were telepathic. You were guarded. You are dead. Miscellaneous: You encountered 1 bones level. Total elapsed playing time was 2 hours, 12 minutes and 43 seconds. Major events: Turn 1: elenmirie the neutral human Priestess entered the dungeon 727: entered the Gnomish Mines 1400: attained the rank of Acolyte (level 3) 2472: attained the rank of Adept (level 6) 2805: reached Mine Town 7115: destroyed Laenetta's ghost, the former Cutpurse 7135: the Oracle has been killed 7548: entered Sokoban 7911: completed 1st Sokoban level 8591: completed 2nd Sokoban level 9208: completed 3rd Sokoban level 11291: completed 4th Sokoban level 11336: killed by a giant mummy Vanquished creatures: the Oracle a ghost a flesh golem a large mimic a stalker a small mimic a glass piercer a troll a gelatinous cube a freezing sphere a flaming sphere a shocking sphere a large cat a tengu an ochre jelly a red naga a watchman 2 chameleons a giant beetle a quivering blob a wolf a winter wolf cub a gremlin a leprechaun an orc-captain a scorpion 2 ice vortices a black light a gnome ruler an orc mummy 2 brown puddings a werewolf a Green-elf 3 lizards a chickatrice a dingo a housecat 2 blue jellies a raven 2 gnome mummies 4 water moccasins a rope golem a Woodland-elf a fire ant a bugbear an imp a quasit a mountain nymph an orc shaman a rock piercer 2 rock moles 3 ponies a fog cloud 6 yellow lights a shrieker a violet fungus 7 gnome leaders 2 kobold mummies 2 gray oozes an elf zombie a straw golem 2 paper golems 11 giant ants 2 little dogs 6 floating eyes a kitten 12 dwarves 2 homunculi a kobold leader 3 rothes 2 monkeys a dwarf zombie 2 wererats 3 werejackals 5 iguanas 34 killer bees 3 acid blobs 4 coyotes a gas spore 3 hobbits 2 manes a large kobold 4 hobgoblins a red mold 32 gnomes 2 garter snakes 2 gnome zombies 6 geckos 19 jackals 2 foxes 3 kobolds a goblin a sewer rat 3 grid bugs a bat 2 lichens 4 kobold zombies 9 newts 280 creatures vanquished. No species were genocided or became extinct. Voluntary challenges: You read items or engraved 6 times. You never engraved Elbereth. You never genocided any monsters. You never polymorphed an object. You never changed form. You used no wishes. You did not violate any of the special Sokoban rules. Achievements: You entered the Gnomish Mines. You entered a shop. You attained the rank of Acolyte. You attained the rank of Adept. You entered Minetown. You entered a temple. You entered Sokoban. The Dungeons of Doom: levels 1 to 8 Level 1: Level 2: Many fountains. Stairs down to The Gnomish Mines. Level 3: A general store, some fountains. Level 4: Level 5: Some fountains. Level 6: A fountain. Level 7: Many fountains, a grave. Oracle of Delphi. Final resting place for Laenetta-Rog-Hum-Mal-Cha, killed by a water moccasin. Level 8: Some fountains. Stairs up to Sokoban, level 7. The Gnomish Mines: levels 3 to 6 Level 3: Level 4: Level 5: Level 6: Many shops, a temple and an altar to Thoth, some fountains, some trees. Sokoban: levels 7 up to 4 Level 4: <- You were here. Solved. Final resting place for you, killed by a giant mummy. Level 5: Solved. Level 6: Solved. Level 7: Solved. Game over: ---------- / \ / REST \ / IN \ / PEACE \ / \ | elenmirie | | 655 Au | | killed by a | | giant mummy | | | | | | 2023 | *| * * * | * _________)/\\_//(\/(/\)/\//\/|_)_______ Goodbye elenmirie the Priestess... You died in Sokoban on dungeon level 4 with 16886 points, and 655 pieces of gold, after 11336 moves. You were level 9 with a maximum of 73 hit points when you died.